 Dungeon Crawl Stone Soup version 0.28.0-43-g3370ac3207 (console) character file.

Game seed: 5180370856798932081

44 Zeor the Stinger (level 3, 0/18 HPs)
             Began as a Vine Stalker Venom Mage on Mar 29, 2022.
             Slain by a ball python (1 damage)
             ... on level 2 of the Dungeon.
             The game lasted 00:04:16 (1620 turns).

Zeor the Stinger (Vine Stalker Venom Mage)          Turns: 1620, Time: 00:04:16

Health: 0/18       AC:  2    Str:  8 (10) XL:     3   Next: 62%
Magic:  0/8        EV:  9    Int: 14 (17) God:
Gold:   17         SH:  0    Dex: 13 (14) Spells: 2/8 levels left

rFire   . . .      SeeInvis .   c - +1 dagger (elec)
rCold   . . .      Faith    .   (no shield)
rNeg    . . .      Spirit   +   a - +0 robe
rPois   .          Reflect  .   (no helmet)
rElec   .          Harm     .   (no cloak)
rCorr   .          Rampage  .   (no gloves)
Will    .....                   (no boots)
Stlth   ++........              (no amulet)
HPRegen 0.06/turn               (no ring)
MPRegen 0.11/turn               (no ring)

@: hasted, constricted, very quick
A: fangs 2, magic shield, antimagic bite, no potion heal 2
a: no special abilities


You were on level 2 of the Dungeon.
You visited 1 branch of the dungeon, and saw 2 of its levels.

You collected 17 gold pieces.

Inventory:

Hand Weapons
 c - a +1 dagger of electrocution (weapon)
Armour
 a - a +0 robe (worn)
Potions
 e - a potion of degeneration


   Skills:
 * Level 1.1 Fighting
 + Level 1.7 Dodging
 + Level 2.6 Stealth
 * Level 3.1 Spellcasting
 + Level 1.0 Transmutations
 + Level 3.2 Poison Magic


You had 2 spell levels left.
You knew the following spells:

 Your Spells              Type           Power      Damage    Failure   Level
a - Sting                 Tmut/Pois      32%        1d4       9%          1
b - Poisonous Vapours     Pois/Air       12%        N/A       16%         2
c - Mephitic Cloud        Conj/Pois/Air  5%         N/A       38%         3

Your spell library contained the following spells:

 Spells                   Type           Power      Damage    Failure   Level
 Olgreb's Toxic Radiance  Pois           11%        N/A       50%         4


Dungeon Overview and Level Annotations

Branches:
Dungeon (2/15)

Altars:


Innate Abilities, Weirdness & Mutations

You have extremely sharp teeth.
When hurt, damage is shared between your health and your magic reserves.
Your bite disrupts and absorbs the magic of your enemies.
Potions cannot restore your health.


Message History

You barely miss the ball python. The ball python bites you.
The ball python constricts you.
* * * LOW HITPOINT WARNING * * *
The rat bites you but does no damage.
It was a potion of degeneration.
There was something very wrong with that liquid.
You feel weakened.
You feel dopey.
You feel clumsy. The ball python closely misses you.
The ball python constricts you.
* * * LOW HITPOINT WARNING * * *
The rat bites you.
* * * LOW HITPOINT WARNING * * *
You feel yourself speed up. The ball python barely misses you.
The ball python constricts you.
* * * LOW HITPOINT WARNING * * *
The rat barely misses you.
The ball python hisses angrily.
You hit the rat.
You kill the rat!
The ball python barely misses you. The ball python constricts you.
The ball python's grasp on you weakens, but your attempt to escape fails.
The ball python bites you but does no damage.
The ball python constricts you.
* * * LOW HITPOINT WARNING * * *
You closely miss the rat. Your bite misses the rat.
A dart slug comes into view.
The ball python barely misses you. The ball python constricts you.
You hit the rat but do no damage. Lightning courses through the rat!
You kill the rat!
The ball python bites you but does no damage.
The ball python constricts you.
You hit the ball python.
The ball python is severely wounded.
The ball python bites you.
You hit the ball python.
You kill the ball python!
The ball python bites you but does no damage.
The ball python constricts you.
You hit the orc but do no damage. Your bite misses the orc.
The ball python bites you.
You die...

∙ ∙∙ ▒∙▒
▒▒▒▒▒▒∙∙∙▒▒▒
▒SJSfo∙∙∙∙w∙?
▒▒▒S▒▒▒▒b∙∙∙∙∙∙
▒▒▒▒∙∙∙∙∙∙∙∙∙∙∙∙∙∙
▒∙∙∙∙∙∙(▒▒∙∙∙∙∙∙∙∙
▒∙∙∙∙∙∙oJ∙∙∙∙∙)∙∙∙
▒∙∙∙∙∙∙∙∙∙∙∙∙∙∙∙∙∙∙
▒∙∙∙∙∙∙w∙▒▒∙∙∙∙∙∙∙∙
∙∙∙∙∙∙∙∙∙∙∙∙g▒▒▒∙
▒▒∙∙∙∙∙∙∙▒▒▒S▒▒


You could see a dart slug, an orc, an endoplasm, a bat and 3 ball pythons.

Vanquished Creatures
  A dart slug (D:1)
  2 orcs (D:2)
  6 ball pythons
  A giant cockroach (D:1)
  3 goblins
  6 jackals (D:1)
  3 quokkas (D:1)
  2 bats (D:1)
  A frilled lizard (D:1)
  4 kobolds (D:1)
  7 rats
36 creatures vanquished.

Notes
Turn   | Place    | Note
-------+----------+-------------------------------------------
     0 | D:1      | Zeor the Vine Stalker Venom Mage began the quest for the
                  | Orb.
     0 | D:1      | Reached XP level 1. HP: 9/9 MP: 4/4
   153 | D:1      | Reached XP level 2. HP: 13/13 MP: 4/6
   373 | D:1      | Learned a level 2 spell: Poisonous Vapours
   813 | D:1      | Reached skill level 1 in Fighting
   813 | D:1      | Reached XP level 3. HP: 18/18 MP: 8/8
  1163 | D:1      | Found a faded altar of an unknown god.
  1233 | D:1      | Learned a level 3 spell: Mephitic Cloud
  1620 | D:2      | Slain by a ball python

Illustrated notes

Levels and vault maps discovered:
D:1:      dpeg_arrival_rooms_c, layout_basic, ebering_ecumenical_altar_box,
          chequers_serial_rivers_micro_e
D:2:      cheibrodos_pilgrimage, layout_rooms, uniq_natasha

Skill      XL: |  1  2  3 |
---------------+----------+-----
Fighting       | 1 |  1.1
Spellcasting   | 3 |  3.1
Dodging        | |  1.7
Stealth        | |  2.6
Transmutations | |  1.0
Poison Magic   | |  3.2

Action                   || total
-------------------------++-------
Melee: Dagger            ||    63
       Bite              ||    10
 Cast: Sting             ||    27
       Poisonous Vapours ||     3
       Mephitic Cloud    ||     1
  Use: Scroll            ||     5
       Potion            ||     2
 Stab: Sleeping          ||     5
Armor: Robe              ||    22
Dodge: Dodged            ||    60
